 Dungeon Crawl Stone Soup version 0.17-a0-2098-gf59d6bc (webtiles) character file.

92343 George the Fencer (level 15, -4/139 HPs)
             Began as a Minotaur Fighter on Oct 16, 2015.
             Was the Champion of the Shining One.
             Splashed by an acid blob's acid (12 damage)
             ... on level 8 of the Lair of Beasts on Oct 17, 2015.
             The game lasted 01:11:54 (27312 turns).

George the Fencer (Minotaur Fighter)               Turns: 27312, Time: 01:11:55

Health: -4/139     AC:  0    Str: 28    XL:     15   Next: 57%
Magic:  23/23      EV: 11    Int:  6    God:    the Shining One [******]
Gold:   2517       SH: 21    Dex: 13    Spells: 0 memorised, 14 levels left

rFire  + + .     SeeInvis .     H - +2 scimitar (flame)
rCold  + + .     Clarity  .     J - +2 scale mail {rF+}
rNeg   + + +     SustAt   .     A - +1 large shield
rPois  +         Gourm    .     T - +2 hat
rElec  .         Spirit   .     x - +1 ratskin cloak {rPois rN+ Int-1 Dex-1}
rCorr  .         Warding  .     Y - +1 pair of gloves {Str+3}
rMut   .         Stasis   .     (no boots)
MR     +....                    v - amulet "Neuwuu" {rC+ Regen+ Str+2 Int+2}
Stlth  ..........               b - ring of protection from fire
                                u - ring of protection from cold

@: lethally poisoned (-4 -> -5), corroded equipment, glowing, somewhat resistant
to hostile enchantments, extremely unstealthy
A: retaliatory headbutt, horns 2
a: Divine Shield, Cleansing Flame, Summon Divine Warrior, Brand Weapon With Holy
Wrath, Renounce Religion


You were on level 8 of the Lair of Beasts.
You worshipped the Shining One.
The Shining One was exalted by your worship.
You were not hungry.

You visited 3 branches of the dungeon, and saw 25 of its levels.
You also visited: Sewer, Ossuary, Ice Cave and Volcano.

You collected 3698 gold pieces.
You spent 1181 gold pieces at shops.

Inventory:

Hand Weapons
 n - the +11 triple sword of Fatigue {speed, rC+}
   (You acquired it on level 4 of the Lair of Beasts)

   Attacks with this weapon are significantly faster.
   It protects you from cold.
 H - a +2 scimitar of flaming (weapon)
Armour
 x - the +1 ratskin cloak (worn) {rPois rN+ Int-1 Dex-1}
   (You found it in an ice cave)

   It affects your intelligence (-1).
   It affects your dexterity (-1).
   It protects you from poison.
   It protects you from negative energy.
 A - a +1 large shield (worn)
 J - a +2 scale mail of fire resistance (worn)
 O - the +1 scale mail "Hebuodopt" {rC- rCorr Dex+4 Stlth+}
   (You bought it in a shop on level 4 of the Orcish Mines)

   It affects your dexterity (+4).
   It makes you vulnerable to cold.
   It protects you from acid and corrosion.
   It makes you more stealthy.
 T - a +2 hat (worn)
 Y - a +1 pair of gloves of strength (worn)
Jewellery
 b - a ring of protection from fire (right hand)
 u - a ring of protection from cold (left hand)
 v - the amulet "Neuwuu" (around neck) {rC+ Regen+ Str+2 Int+2}
   (You bought it in a shop on level 4 of the Orcish Mines)

   [amulet of regeneration]

   It affects your strength (+2).
   It affects your intelligence (+2).
   It protects you from cold.
   It increases your rate of regeneration.
 w - an uncursed ring of protection from magic
Wands
 l - a wand of cold (6)
 p - a wand of fire (3)
 s - a wand of confusion (29)
 y - a wand of cold (6)
 z - a wand of slowing (13)
 F - a wand of disintegration (12)
 G - a wand of digging (8)
 I - a wand of digging (17)
 P - a wand of confusion (23)
 R - a wand of paralysis (17)
 W - a wand of lightning (3)
Scrolls
 g - 2 scrolls of fog
 h - 2 scrolls of enchant weapon
 i - 7 scrolls of fear
 B - 8 scrolls of teleportation
 E - 9 scrolls of remove curse
 K - 8 scrolls of enchant armour
 L - 3 scrolls of blinking
 M - 2 scrolls of magic mapping
 Q - 2 scrolls of summoning
 V - 3 scrolls of identify
 X - 6 scrolls of recharging
Potions
 c - 2 potions of cure mutation
 d - a potion of might
 j - 3 potions of flight
 k - 8 potions of curing
 o - a potion of haste
 r - 3 potions of ambrosia
 t - 3 potions of agility
 C - a potion of cancellation
 U - a potion of resistance
Comestibles
 e - 14 bread rations
 m - 15 meat rations
 q - 6 slices of pizza
 D - 5 beef jerkies
 N - 3 royal jellies
 S - 41 fruits


   Skills:
 + Level 14.7 Fighting
 + Level 15.3 Long Blades
 + Level 15.0 Armour
 + Level 5.3 Dodging
 + Level 13.6 Shields
 + Level 12.7 Invocations


You had 14 spell levels left.
You didn't know any spells.

Dungeon Overview and Level Annotations

Branches:
Dungeon (13/15)            Temple (0/1) D:6            Lair (8/8) D:11
 Shoals (0/4) Lair:6       Spider (0/4) Lair:4        Slime (0/6) Lair:8
    Orc (4/4) D:12            Elf (0/3) Orc:3
 Vaults: D:13-14

Altars:
Fedhas
Makhleb
Nemelex Xobeh
Okawaru
Ru
Vehumet
Xom
The Shining One
Beogh
Jiyva

Shops:
D:7 :   D:8 [   Orc:4 *[=(*

Annotations:
D:10 exclusion: orange crystal statue


Innate Abilities, Weirdness & Mutations

You reflexively headbutt those who attack you in melee.
You have a pair of horns on your head.


Message History

The bolt of fire hits the jelly.
You kill the jelly!
Evoking this partially-identified wand wasted a few charges.
You block the acid blob's attack. The acid blob spits acid at you.
The splash of acid hits you!
* * * LOW HITPOINT WARNING * * *
The acid burns!
* * * LOW HITPOINT WARNING * * *
Drink which item? (? for menu, Esc to quit)
You feel much better. The acid blob misses you. You furiously retaliate!
You headbutt the acid blob! You hit the acid blob but do no damage.
Your hands burn!
* * * LOW HITPOINT WARNING * * *
The acid blob is almost dead.
The acid blob spits acid at you. The splash of acid hits you!
* * * LOW HITPOINT WARNING * * *
The acid burns!
You die...

...................P....#P≈≈.P.##
.............................÷...
..........................P.....#
...............#####....PP......#
...............#.>.#......PP..÷##
...............#...#....PPP......
P.....P#PP.....#JJ.#.....PP.....#
.......#.PPP...##J##.....PP......
......##...†##..@..#..PP.P.......
#.....##P...P##...P.#......
##....##.PP.PP..P..P##......
#....##..†P.........P.......
##...##......................
#...##.....#.................
##..##....###......PP.........
#..##$..## ........P..#......
#### [## ...........#......


You could see an acid blob, a jelly and an ooze.

Vanquished Creatures
  Kirke (D:13)
  A frost giant (IceCv)
  An orc warlord (Orc:3)
  Snorg (Lair:7)
  A fire dragon (Lair:8)
  5 hydras
  An ice dragon (Lair:5)
  2 catoblepae
  5 death yaks
  3 orc high priests (Orc:4)
  Nergalle (D:10)
  A fire crab (Lair:7)
  4 skeletal warriors (D:12)
  4 hill giants
  3 unseen horrors
  An ice statue (IceCv)
  Pikel (D:7)
  An ugly thing (D:13)
  5 orc knights
  3 griffons
  A wolf spider (Orc:2)
  3 cyclopes
  A manticore (D:11)
  A necromancer (Lair:6)
  4 orc sorcerers (Orc:4)
  21 elephants
  Maurice (D:8)
  7 black mambas
  19 spiny frogs
  7 komodo dragons
  A centaur skeleton (D:11)
  4 fire drakes
  14 polar bears (IceCv)
  The ghost of tp1 the Magician, a novice DECj of Vehumet (D:7)
  A queen bee (D:8)
  21 blink frogs
  A boulder beetle (Lair:5)
  2 tarantellas (Orc:2)
  2 flying skulls (Volcano)
  A human (shapeshifter) (D:13)
  3 deep elf magi
  3 steam dragons
  A wraith (D:13)
  A vampire (Volcano)
  46 yaks
  3 basilisks
  6 hogs (D:13)
  31 wolves
  2 hungry ghosts
  12 hippogriffs
  3 wargs
  A slave (D:7)
  5 mottled dragons
  20 water moccasins
  11 porcupines
  5 sky beasts
  2 swamp drakes (Lair:8)
  3 black bears
  11 spiders
  2 phantoms
  13 ogres
  A wasp (Lair:8)
  10 ice beasts
  5 centaurs
  40 orc warriors
  10 crocodiles
  An eye of draining (D:13)
  A big kobold (D:8)
  Blork the orc (D:6)
  A brain worm (D:12)
  15 giant frogs
  A water moccasin zombie (D:9)
  2 scorpions
  4 electric eels
  23 killer bees
  9 wights
  6 crimson imps
  5 centaur zombies
  A human zombie (Ossuary)
  4 hounds
  9 jellies
  2 giant frog skeletons
  37 orc priests
  8 iguanas
  Terence (D:3)
  36 orc wizards
  10 worker ants
  9 sheep
  A crocodile zombie (Lair:6)
  The ghost of Scarn the Sneak, a weakling OpAs (D:3)
  3 hound skeletons
  4 mummies
  3 gnolls (D:5)
  38 river rats
  25 adders
  3 white imps (Lair:5)
  2 shadow imps
  2 oozes
  An adder zombie (D:5)
  3 worms (D:5)
  223 orcs
  6 hobgoblins
  2 jackals (D:3)
  4 quokkas
  2 ball pythons (Sewer)
  10 bats
  12 giant cockroaches
  2 giant cockroach zombies (D:5)
  13 giant geckos
  2 giant gecko zombies
  13 giant newts
  10 goblins
  6 hobgoblin zombies (Ossuary)
  2 jackal skeletons
  3 jackal zombies (Ossuary)
  6 kobolds
  19 kobold zombies (Ossuary)
  3 orc zombies (Ossuary)
  A quokka skeleton (D:5)
  A quokka zombie (D:5)
  6 rats
  A rat zombie (Ossuary)
1027 creatures vanquished.

Vanquished Creatures (others)
  A yak (IceCv)
  A slave (D:7)
  7 fungi
  9 plants
18 creatures vanquished.

Grand Total: 1045 creatures vanquished

Notes
Turn   | Place    | Note
--------------------------------------------------------------
     0 | D:1      | George the Minotaur Fighter began the quest for the Orb.
     0 | D:1      | Reached XP level 1. HP: 19/19 MP: 0/0
   147 | D:1      | Reached XP level 2. HP: 21/26 MP: 1/1
   644 | D:2      | Reached skill level 4 in Long Blades
   657 | D:2      | Reached XP level 3. HP: 26/31 MP: 2/2
   721 | D:2      | Reached skill level 5 in Long Blades
   999 | D:2      | Reached XP level 4. HP: 30/39 MP: 3/3
  1294 | D:3      | Noticed Scarn's ghost (weakling OpAs)
  1304 | D:3      | Killed Scarn's ghost
  1304 | D:3      | Reached skill level 6 in Long Blades
  1458 | D:3      | Found a radiant altar of Vehumet.
  1461 | D:3      | Found a sacrificial altar of Ru.
  1462 | D:3      | Found a glowing golden altar of the Shining One.
  1462 | D:3      | Found an iron altar of Okawaru.
  1471 | D:3      | Became a worshipper of the Shining One
  1580 | D:3      | Reached XP level 5. HP: 46/46 MP: 4/4
  1635 | D:3      | Found a faded altar to an unknown god.
  1715 | D:3      | Noticed Terence
  1727 | D:3      | Killed Terence
  1862 | D:3      | Found a sparkling altar of Nemelex Xobeh.
  2016 | D:4      | Reached skill level 1 in Invocations
  2089 | D:4      | Found a sand-covered staircase.
  2100 | Ossuary  | Entered an ossuary
  2122 | Ossuary  | Reached * piety under the Shining One
  2158 | Ossuary  | Reached ** piety under the Shining One
  2170 | Ossuary  | Reached XP level 6. HP: 37/52 MP: 4/6
  2188 | Ossuary  | Reached *** piety under the Shining One
  2588 | D:4      | Noticed a sky beast
  2599 | D:4      | Killed a sky beast
  2599 | D:4      | Reached XP level 7. HP: 45/60 MP: 7/7
  2734 | D:4      | Reached skill level 5 in Armour
  2962 | D:4      | Found a blossoming altar of Fedhas.
  3003 | D:5      | Entered Level 5 of the Dungeon
  3126 | D:5      | Reached skill level 7 in Long Blades
  3134 | D:5      | Reached skill level 5 in Fighting
  3274 | D:5      | Reached **** piety under the Shining One
  3318 | D:5      | Reached skill level 5 in Shields
  3846 | D:5      | Reached XP level 8. HP: 69/69 MP: 9/9
  3989 | D:6      | Noticed Blork the orc
  3999 | D:6      | Killed Blork the orc
  4051 | D:6      | Found a glowing drain.
  4074 | Sewer    | Entered a sewer
  4538 | D:6      | Found a burning altar of Makhleb.
  4539 | D:6      | Found a shimmering altar of Xom.
  4543 | D:6      | Reached skill level 8 in Long Blades
  4610 | D:6      | Found a staircase to the Ecumenical Temple.
  5282 | D:7      | Noticed tp1's ghost (novice DECj)
  5291 | D:7      | Killed tp1's ghost
  5291 | D:7      | Reached XP level 9. HP: 51/78 MP: 11/11
  5489 | D:7      | Reached ***** piety under the Shining One
  5493 | D:7      | Reached skill level 5 in Invocations
  5555 | D:7      | Found Evvaohok's Book Shop.
  5746 | D:7      | Noticed Pikel
  5769 | D:7      | Killed Pikel
  5769 | D:7      | Reached skill level 9 in Long Blades
  6222 | D:8      | Noticed Maurice
  6247 | D:8      | Killed Maurice
  6247 | D:8      | Reached XP level 10. HP: 45/88 MP: 13/13
  7193 | D:8      | Found Jymu's Armour Shoppe.
  7200 | D:8      | Bought a +1 pair of gloves of strength for 214 gold pieces
  7225 | D:8      | Found a blossoming altar of Fedhas.
  7523 | D:9      | Reached skill level 10 in Long Blades
  8292 | D:10     | Entered Level 10 of the Dungeon
  8388 | D:10     | Reached XP level 11. HP: 94/97 MP: 15/15
  8662 | D:10     | Noticed a hill giant
  8673 | D:10     | Killed a hill giant
  8698 | D:10     | Noticed a catoblepas
  8727 | D:10     | Killed a catoblepas
  8727 | D:10     | Reached skill level 10 in Armour
  8865 | D:10     | Noticed Nergalle
  8881 | D:10     | Killed Nergalle
  8881 | D:10     | Reached skill level 10 in Fighting
  9381 | D:11     | Reached skill level 11 in Long Blades
  9428 | D:11     | Noticed a hill giant
  9432 | D:11     | Killed a hill giant
  9529 | D:11     | Found a blossoming altar of Fedhas.
  9555 | D:11     | Noticed a hill giant
  9559 | D:11     | Killed a hill giant
  9559 | D:11     | Reached skill level 10 in Shields
  9566 | D:11     | Reached ****** piety under the Shining One
  9568 | D:11     | Found a staircase to the Lair.
  9729 | D:11     | Noticed an unseen horror
  9742 | D:11     | Killed an unseen horror
 10879 | D:12     | Reached XP level 12. HP: 21/108 MP: 13/17
 10899 | D:12     | Found a roughly hewn altar of Beogh.
 10912 | D:12     | Found a staircase to the Orcish Mines.
 11279 | D:12     | Noticed an unseen horror
 11293 | D:12     | Killed an unseen horror
 12103 | D:12     | HP: 3/110 [skeletal warrior/halberd of chopping (4)]
 12128 | D:12     | Reached skill level 12 in Long Blades
 12823 | D:13     | Noticed Kirke
 12846 | D:13     | Killed Kirke
 13519 | Orc:1    | Entered Level 1 of the Orcish Mines
 13837 | Orc:2    | Found a dark tunnel.
 13853 | Volcano  | Entered a volcano
 14757 | Orc:2    | Reached skill level 10 in Invocations
 14757 | Orc:2    | Reached XP level 13. HP: 109/118 MP: 19/19
 14892 | Orc:2    | Found a roughly hewn altar of Beogh.
 15542 | Orc:3    | Found a staircase to the Elven Halls.
 15611 | Orc:3    | Found a burning altar of Makhleb.
 16105 | Orc:4    | Entered Level 4 of the Orcish Mines
 16126 | Orc:4    | Found a frozen archway.
 16135 | IceCv    | Entered an ice cave
 16856 | IceCv    | Reached skill level 13 in Long Blades
 17177 | IceCv    | Noticed a frost giant
 17218 | IceCv    | Killed a frost giant
 17923 | Orc:4    | Found Wick's Assorted Antiques.
 19119 | Orc:4    | Noticed an orc warlord
 19206 | Orc:3    | Killed an orc warlord
 19453 | Orc:4    | Paralysed by an orc sorcerer for 5 turns
 19461 | Orc:4    | Reached XP level 14. HP: 54/129 MP: 21/21
 19821 | Orc:4    | Found Pywkiets's Antique Armour Boutique.
 19822 | Orc:4    | Found Cimoro's Antique Weapon Shop.
 19823 | Orc:4    | Found Ymohaopa's General Store.
 19823 | Orc:4    | Found Podupsit's Jewellery Boutique.
 19936 | Orc:4    | Bought the amulet "Neuwuu" {rC+ Regen+ Str+2 Int+2} for 681 gold pieces
 19948 | Orc:4    | Bought a brightly glowing scale mail for 198 gold pieces
 19948 | Orc:4    | Bought a glowing hat for 88 gold pieces
 19958 | Orc:4    | Identified the +1 scale mail "Hebuodopt" {rC- rCorr Dex+4 Stlth+} (You bought it in a shop on level 4 of the Orcish Mines)
 20188 | Lair:1   | Entered Level 1 of the Lair of Beasts
 20870 | Lair:1   | Found a sparkling altar of Nemelex Xobeh.
 22582 | Lair:4   | Reached skill level 14 in Long Blades
 22907 | Lair:4   | Identified 2 scrolls of acquirement
 22908 | Lair:4   | Got an iridescent triple sword
 22914 | Lair:4   | Identified the +11 triple sword of Fatigue {speed, rC+} (You acquired it on level 4 of the Lair of Beasts)
 22969 | Lair:4   | Found a hole to the Spider Nest.
 23113 | Lair:4   | Reached skill level 1 in Dodging
 23730 | Lair:5   | Found a sacrificial altar of Ru.
 24571 | Lair:6   | Found a staircase to the Shoals.
 24745 | Lair:6   | Upgraded the game from 0.17-a0-2093-gc772f4b to 0.17-a0-2098-gf59d6bc
 25369 | Lair:7   | Reached XP level 15. HP: 89/138 MP: 23/23
 25614 | Lair:7   | Noticed Snorg
 25634 | Lair:7   | Killed Snorg
 26445 | Lair:8   | Entered Level 8 of the Lair of Beasts
 26727 | Lair:8   | Reached skill level 15 in Long Blades
 26915 | Lair:8   | Reached skill level 5 in Dodging
 27102 | Lair:8   | Reached skill level 15 in Armour
 27279 | Lair:8   | Found a runed door.
 27279 | Lair:8   | Found a viscous altar of Jiyva.
 27280 | Lair:8   | Found a staircase to the Slime Pits.
 27280 | Lair:8   | Noticed an acid blob
 27310 | Lair:8   | HP: 3/139 [acid (12)]
 27312 | Lair:8   | Splashed by an acid blob's acid

Vault maps used:
D:1:      roderic_octagonal_star
D:3:      grunt_temple_overflow_open, ecumenical_altar_1,
          nemelex_diamond_rough_becter, uniq_terence
D:4:      lightli_ossuary_entry_decrepit_ruins, fedhas_altar_4
D:5:      wad_river_or_something, first_bread, kennysheep_nub
D:6:      grunt_temple_overflow_champion_of_chaos, temple_doors_e,
          gup_sewer_entry_pipe, nrook_mini_vaults, uniq_blork_the_orc
D:7:      serial_shops, nicolae_shop_window_shopping, uniq_pikel
D:8:      kennysheep_mini, serial_shops, nicolae_shop_window_shopping,
          blue_anna_alchemist, nicolae_looking_at_the_future, uniq_maurice
D:9:      nooodl_food_tri
D:10:     minmay_protected_statue, uniq_nergalle
D:11:     david_lair_generic, lemuel_tele_altar
D:12:     david_orc_5, minivault_14
D:13:     uniq_kirke
Lair:1:   forest_paths, lemuel_centaur_altar
Lair:2:   lemuel_fruit_tree, infiniplex_staircase_pool
Lair:3:   bobbens_dragon_lair_wall
Lair:4:   nicolae_spider_entry_tight_spaces, serial_bayou, serial_bayou_pond_a,
          serial_bayou_pond_a, serial_bayou_shore_b, serial_bayou_shore_b,
          serial_bayou_ford_a
Lair:5:   basic_altar, bobbens_ice_dragon_lair
Lair:6:   pond_and_an_island_with_a_cottage, shoals_dummy_entry
Lair:7:   uniq_snorg
Lair:8:   hangedman_lair_tendril_chambers, guppyfry_lair_end_dragon,
          slime_altar_2, zaba_antful_of_joy
Orc:1:    minmay_goldmine
Orc:2:    nicolae_orc_accident_3, nicolae_volcano_entry_lava_flow,
          minmay_orc_temple_a
Orc:3:    basic_altar, nicolae_orc_pool_cavern
Orc:4:    st_orc_congregation, serial_shops, shop_fountains,
          portal_ice_cave_entry_pillars_02, lemuel_statue_altar
Sewer:    sewer_frog_island_01
Ossuary:  ossuary_tomb_1
IceCv:    ice_cave_caverns_02
Volcano:  volcano_tomb

Action                   |  1- 3 |  4- 6 |  7- 9 | 10-12 | 13-15 || total
-------------------------+-------+-------+-------+-------+-------++-------
Melee: Long sword        |    89 |   166 |   347 |   855 |       ||  1457
       Scimitar          |       |       |       |    74 |  1549 ||  1623
       Triple sword      |       |       |       |       |    55 ||    55
Invok: Divine Shield     |       |       |       |     2 |     2 ||     4
       Cleansing Flame   |       |       |       |       |     1 ||     1
Evoke: Wand              |       |       |     3 |     5 |     3 ||    11
  Use: Scroll            |       |    12 |     5 |    12 |    10 ||    39
       Potion            |       |       |       |     4 |     7 ||    11
  Eat: Chunk             |       |     5 |    14 |    29 |    46 ||    94
       Fruit             |       |       |       |     1 |     2 ||     3
